 Dungeon Crawl Stone Soup version 0.30-a0-1103-g25895a7845 (webtiles) character file.

Game seed: 3905280534239949966

72 jasper the Ruffian (level 4, 0/44 HPs)
             Began as a Troll Cinder Acolyte on Apr 18, 2023.
             Was a High Priest of Ignis.
             Slain by a centaur (3 damage)
             ... on level 5 of the Dungeon.
             The game lasted 00:01:34 (1108 turns).

jasper the Ruffian (Troll Cinder Acolyte)           Turns: 1108, Time: 00:01:35

Health: 0/44       AC:  5    Str: 22    XL:     4   Next: 6%
Magic:  4/4        EV:  9    Int: 12    God:    Ignis [*****.]
Gold:   44         SH:  0    Dex:  5    Spells: 5/5 levels left

rFire   + . .      SeeInvis .      - Unarmed
rCold   . . .      Faith    .    (no shield)
rNeg    . . .      Spirit   .    a - +0 robe
rPois   .          Reflect  .    e - +1 hat
rElec   .          Rampage  .    (no cloak)
rCorr   .                        (gloves unavailable)
Will    .....                    (boots unavailable)
Stlth   +                        (no amulet)
HPRegen 1.07/turn                (no ring)
MPRegen 0.09/turn                (no ring)

@: lethally poisoned (0 -> -3)
A: large, unfitting armour, claws 3, regeneration 1, shaggy fur 1, tough skin 1
a: Renounce Religion, Fiery Armour, Foxfire Swarm, Rising Flame


You were on level 5 of the Dungeon.
You worshipped Ignis.
Ignis was extremely pleased with you.
You visited 1 branch of the dungeon, and saw 5 of its levels.

You collected 44 gold pieces.

Inventory:

Missiles
 b - 4 boomerangs (quivered)
 d - 2 throwing nets
Armour
 a - a +0 robe (worn)
 e - a +1 hat (worn)
Scrolls
 c - a scroll of poison {unknown}
 h - a scroll of identify {unknown}
Potions
 f - 2 potions of curing {unknown}
 g - a potion of haste {unknown}


   Skills:
 + Level 2.8 Fighting
 + Level 1.0 Throwing
 + Level 1.2 Dodging
 * Level 4.0 Unarmed Combat
 - Level 1.0 Spellcasting
 - Level 2.1 Fire Magic


You had 5 spell levels left.
You didn't know any spells.
Your spell library contained the following spells:

 Spells                   Type           Power      Damage    Failure   Level
 Scorch                   Fire           10%        2d5       19%         2
 Slow                     Hex            0%         N/A       30%         1
 Confusing Touch          Hex            0%         N/A       65%         3
 Ozocubu's Armour         Ice            0%         N/A       65%         3
 Vampiric Draining        Necr           0%         2d6       65%         3
 Ozocubu's Refrigeration  Ice            0%         4d7       100%        7


Dungeon Overview and Level Annotations

Branches:
Dungeon (5/15)
 Temple: D:4-7

Altars:
Cheibriados

Annotations:
D:3 exclusion: downstairs


Innate Abilities, Weirdness & Mutations

You are too large for most types of armour.
You have claws for hands.
Your natural rate of healing is unusually fast.
You are covered in fur. (AC +1)
You have tough skin. (AC +1)


Message History

You kill the iguana!
Your Throwing skill increases to level 1!
Your Unarmed Combat skill increases to level 4!
You have reached level 4!
Health restored: 44; MP restored: 4
Found a spear.
You open the door.
There is an open door here.
A centaur comes into view.
The centaur shouts!
The centaur wields a +0 shortbow.
The centaur shoots an arrow.
The arrow hits you!
You hear an angry hiss.
You take 8 damage, and have 36/44 hp.
An adder and a sleepcap come into view.
Found 12 gold pieces.
The adder hisses angrily.
The centaur shoots an arrow.
The arrow hits you!
You take 12 damage, and have 24/44 hp.
MASSIVE DAMAGE!!
The centaur shoots an arrow.
The arrow barely misses you.
The centaur shoots an arrow.
The arrow hits you!
* * * LOW HITPOINT WARNING * * *
You take 11 damage, and have 13/44 hp.
MASSIVE DAMAGE!!
The sleepcap barely misses you.
You barely miss the adder. The adder bites you.
* * * LOW HITPOINT WARNING * * *
You are poisoned.
The adder poisons you!
The centaur unwields a +0 shortbow.
The centaur hits you but does no damage.
The centaur barely misses you. The sleepcap releases spores at you.
* * * LOW HITPOINT WARNING * * *
You are engulfed in a cloud of soporific spores!
You fall asleep.
You feel sick. The adder bites you.
You wake up.
* * * LOW HITPOINT WARNING * * *
You are lethally poisoned!
The adder poisons you! The centaur barely misses you.
The centaur closely misses you. The sleepcap barely misses you.
The adder bites you but does no damage. The centaur hits you.
You die...

......# .........#
........# .#
........# ...#
.......# .....##
.......#
......c####......#
......S@.........#
......f.###......#
..8.....#.#......#
.......##.#......#
.......#..'......#
..$...#####.....†#
......#.........<#
##...##....#######
#.....#


You could see a sleepcap, a centaur and an adder.

Vanquished Creatures
  An iguana (D:5)
  An adder (D:3)
  A dart slug (D:2)
  2 orcs (D:3)
  A bat (D:3)
  An endoplasm (D:3)
  5 goblins
  2 hobgoblins (D:3)
  8 jackals
  3 ball pythons
  A frilled lizard (D:3)
  2 kobolds (D:2)
  A rat (D:3)
29 creatures vanquished.

Notes
Turn   | Place    | Note
-------+----------+-------------------------------------------
     0 | D:1      | jasper the Troll Cinder Acolyte began the quest for the
                  | Orb.
     0 | D:1      | Reached XP level 1. HP: 22/22 MP: 1/1
    70 | D:2      | Reached XP level 2. HP: 27/29 MP: 2/2
   505 | D:3      | Reached XP level 3. HP: 33/36 MP: 3/3
   687 | D:3      | Reached skill level 1 in Dodging
   818 | D:3      | Found a snail-covered altar of Cheibriados.
  1067 | D:4      | Noticed a scorpion
  1088 | D:5      | Entered Level 5 of the Dungeon
  1091 | D:5      | Reached skill level 1 in Throwing
  1091 | D:5      | Reached skill level 4 in Unarmed Combat
  1091 | D:5      | Reached XP level 4. HP: 44/44 MP: 4/4
  1103 | D:5      | Noticed a centaur
  1108 | D:5      | Slain by a centaur

Illustrated notes

Levels and vault maps discovered:
D:1:      saegor_arrival_simple_d, layout_basic, minmay_misc_feat_chi,
          minmay_close_crescents
D:2:      layout_loops_ring
D:3:      minmay_general_purpose_star, layout_loops_cross,
          cheibrodos_worm_habitat, cheibrodos_sewer_entry_bend
D:4:      layout_loops_corners, minmay_manual_mail
D:5:      minmay_skewed_foursquare, layout_gridville

Skill      XL: |  1  2  3 |
---------------+----------+-----
Dodging        | 1 |  1.2
Throwing       | 1 |  1.0
Unarmed Combat | 4 |  4.0
Fighting       | |  2.8
Spellcasting   | |  1.0
Fire Magic     | |  2.1

Action                     |  1- 3 |  4- 6 || total
---------------------------+-------+-------++-------
  Melee: Unarmed           |    93 |     1 ||    94
         Punch             |     1 |       ||     1
  Throw: Boomerang         |     3 |       ||     3
 Armour: Robe              |    37 |     2 ||    39
  Dodge: Dodged            |    44 |     6 ||    50

Table legend: (Time is in decaauts)
 A = Elapsed time spent in this place.
 B = Non-inter-level travel time spent in this place.
 C = Inter-level travel time spent in this place.
 D = Time resting spent in this place.
 E = Time spent auto-exploring this place.
 F = Levels seen in this place.
 G = Mean time per level.
                   A        B        C        D        E       F      G
               +--------+--------+--------+--------+--------+-----+--------+
         Total |   1101 |    998 |    103 |      0 |    769 |   5 |  220.2 |
       Dungeon |   1101 |    998 |    103 |      0 |    769 |   5 |  220.2 |
               +--------+--------+--------+--------+--------+-----+--------+

Top non-repeatable levels by time:
     D:3: 892 daAuts
     D:4: 78 daAuts
     D:2: 73 daAuts
     D:1: 37 daAuts
     D:5: 19 daAuts
